 Dungeon Crawl Stone Soup version 0.17.0 (webtiles) character file.

928 Kel the Skirmisher (level 8, 0/49 HPs)
             Began as a Gargoyle Gladiator on Dec 6, 2015.
             Was a Priest of Fedhas.
             Slain by an ogre
             ... wielding a +0 giant club
              (10 damage)
             ... on level 4 of the Dungeon.
             The game lasted 00:16:26 (5372 turns).

Kel the Skirmisher (Gargoyle Gladiator)             Turns: 5372, Time: 00:16:26

Health: 0/49       AC: 18    Str: 19    XL:     8   Next: 11%
Magic:  6/8        EV:  8    Int: 13    God:    Fedhas [***...]
Gold:   196        SH:  0    Dex: 11    Spells: 0 memorised, 7 levels left

rFire  . . .     SeeInvis .     a - +0 war axe
rCold  + . .     Clarity  .     f - +0 chain mail
rNeg   + . .     SustAt   .     (no shield)
rPois  ∞         Gourm    .     j - +0 helmet {Int+3}
rElec  +         Spirit   .     i - +0 cloak
rCorr  .         Warding  .     (no gloves)
rMut   .         Stasis   .     h - +0 pair of boots
MR     .....                    (no amulet)
Stlth  ..........               (no ring)
                                (no ring)

@: not resistant to hostile enchantments, extremely unstealthy
A: hooves 1, yellow scales 1, cold resistance 1, negative energy resistance 1,
electricity resistance, unbreathing, petrification resistance, rot immunity, AC
+5
a: Evolution, Sunlight, Growth, Renounce Religion


You were on level 4 of the Dungeon.
You worshipped Fedhas.
Fedhas was most pleased with you.
You were very hungry.

You visited 1 branch of the dungeon, and saw 4 of its levels.
You also visited: Sewer.

You collected 196 gold pieces.

Inventory:

Hand Weapons
 a - a +0 war axe (weapon)
Missiles
 d - 3 throwing nets (quivered)
 D - 6 curare-tipped needles
Armour
 f - a +0 chain mail (worn)
 h - a +0 pair of boots (worn)
 i - a +0 cloak (worn)
 j - a +0 helmet of intelligence (worn)
 C - a +0 plate armour
Wands
 x - a wand of digging (10)
Scrolls
 b - 4 scrolls of teleportation {unknown}
 l - a scroll of random uselessness {unknown}
 m - 4 scrolls of identify {unknown}
 r - a scroll of fear {unknown}
 s - a scroll of noise {unknown}
 t - 4 scrolls of remove curse {unknown}
 v - a scroll of blinking {unknown}
 y - 2 scrolls of enchant armour {unknown}
Potions
 c - a potion of haste {unknown}
 o - a potion of lignification {unknown}
 p - a potion of might {unknown}
 q - a potion of agility {unknown}
 u - a potion of poison {unknown}
 w - 2 potions of ambrosia {unknown}
 z - 2 potions of resistance
 A - a potion of curing
 B - a potion of berserk rage {unknown}
Comestibles
 e - 5 bread rations
 g - 2 slices of pizza
 k - 2 fruits
 n - 3 meat rations


   Skills:
 + Level 5.3 Fighting
 + Level 5.0 Axes
 + Level 4.3 Throwing
 + Level 4.4 Dodging


You had 7 spell levels left.
You didn't know any spells.

Dungeon Overview and Level Annotations

Branches:
Dungeon (4/15)
 Temple: D:4-7

Altars:
Elyvilon
Fedhas
Kikubaaqudgha
Ru
Zin
The Shining One

Shops:
D:4 (:


Innate Abilities, Weirdness & Mutations

You are resistant to torment.
Your stone body is resilient (AC +5).
You are immune to poison.
You resist negative energy.
You are resistant to electric shocks.
You can survive without breathing.
You are immune to petrification.
You are immune to rotting.
You have large cloven feet.
You are partially covered in yellow scales (AC +2).
Your flesh is cold resistant.


Message History

* * * LOW HITPOINT WARNING * * *
You see here 16 gold pieces.
The ogre barely misses you.
You are feeling very hungry.
You see here a club.
You see here an orc corpse.
You offer a prayer to Fedhas.
Fedhas is most pleased with you.
You offer a prayer to Fedhas.
Some toadstools grow from a nearby corpse.
Fedhas appreciates your contribution to the ecosystem.
Fedhas is most pleased with you.
Select plant or fungus to evolve.
Press: ? - help, Dir - move target cursor, f - toadstool
Aim: a toadstool (peaceful, can evolve into a wandering mushroom)
The floor, spattered with blood.
The toadstool can now pick up its mycelia and move.
Your piety has decreased.
The ogre hits you with a giant club!
You die...
Fedhas appreciates your contribution to the ecosystem.

# ##.# . ### #. #.#
... #.# #.# #.# #.#
#.# #.# #.# #.#
#.####.## #.#
........# ##.#
#.####..#######..#####
...#.......Pf.aO@....#
...)....#######.####.#
...#.#...# #.#
#.##...#.# #.#
#........# #.#
####..#### #.# ..##..#
#.# ..##..## #.#
.......#


You could see an ogre, a worker ant and a friendly wandering mushroom.

Vanquished Creatures
  A phantom (D:4)
  An ogre (D:4)
  A giant frog (Sewer)
  An orc priest (D:3)
  An orc wizard (D:3)
  An iguana (D:3)
  A giant frog skeleton (D:4)
  3 hounds
  Terence (D:3)
  3 worker ants
  Robin (D:3)
  10 adders
  2 gnolls
  20 oozes (Sewer)
  A worm (D:3)
  8 orcs
  16 giant cockroaches
  20 goblins
  7 hobgoblins
  10 jackals
  17 ball pythons
  9 bats
  16 giant geckos
  11 giant newts
  5 kobolds
  A quokka (D:4)
  14 rats
182 creatures vanquished.

Vanquished Creatures (collateral kills)
  Natasha (thrice) (D:3)
  An adder (D:3)
  A goblin (D:3)
5 creatures vanquished.

Vanquished Creatures (others)
  78 toadstools
78 creatures vanquished.

Grand Total: 265 creatures vanquished

Notes
Turn   | Place    | Note
--------------------------------------------------------------
     0 | D:1      | Kel the Gargoyle Gladiator began the quest for the Orb.
     0 | D:1      | Reached XP level 1. HP: 12/12 MP: 1/1
   176 | D:1      | Reached XP level 2. HP: 15/18 MP: 2/2
   342 | D:1      | Reached XP level 3. HP: 22/22 MP: 3/3
   561 | D:1      | Gained mutation: Your flesh is cold resistant. [potion of mutation]
   561 | D:1      | Gained mutation: You are partially covered in yellow scales (AC +2). [potion of mutation]
   561 | D:1      | Gained mutation: You have large cloven feet. [potion of mutation]
  1066 | D:2      | Reached skill level 3 in Axes
  1398 | D:2      | Reached XP level 4. HP: 27/27 MP: 4/4
  1782 | D:2      | Reached XP level 5. HP: 10/32 MP: 5/5
  2057 | D:2      | Found a blossoming altar of Fedhas.
  2058 | D:2      | Found an ancient bone altar of Kikubaaqudgha.
  2084 | D:2      | Became a worshipper of Fedhas Madash
  2634 | D:3      | Reached * piety under Fedhas
  2646 | D:3      | Found a white marble altar of Elyvilon.
  2646 | D:3      | Found a glowing golden altar of the Shining One.
  2646 | D:3      | Found a glowing silver altar of Zin.
  2699 | D:3      | Reached XP level 6. HP: 28/38 MP: 6/6
  2774 | D:3      | Noticed Terence
  2792 | D:3      | Killed Terence
  2801 | D:3      | Reached skill level 4 in Axes
  2833 | D:3      | Found a glowing drain.
  2842 | Sewer    | Entered a sewer
  3253 | Sewer    | Reached ** piety under Fedhas
  3366 | Sewer    | Reached XP level 7. HP: 34/44 MP: 7/7
  3917 | D:3      | Noticed Robin
  3937 | D:3      | Killed Robin
  3997 | D:3      | Reached *** piety under Fedhas
  4228 | D:3      | Found a sacrificial altar of Ru.
  4232 | D:3      | Noticed Natasha
  4241 | D:3      | Killed Natasha
  4326 | D:3      | Noticed Natasha
  4330 | D:3      | Killed Natasha
  4431 | D:3      | Noticed Natasha
  4439 | D:3      | Killed Natasha
  4756 | D:4      | Reached skill level 5 in Fighting
  4899 | D:4      | Reached XP level 8. HP: 40/49 MP: 8/8
  5251 | D:4      | Reached skill level 5 in Axes
  5306 | D:4      | Found Imosuk's Book Boutique.
  5326 | D:4      | Found Guutueti's Weapon Emporium.
  5372 | D:4      | Slain by an ogre

Action                   |  1- 3 |  4- 6 |  7- 9 || total
-------------------------+-------+-------+-------++-------
Melee: War axe           |   111 |   332 |   198 ||   641
Invok: Evolution         |       |       |     2 ||     2
  Use: Scroll            |     1 |       |       ||     1
       Potion            |     3 |       |       ||     3
  Eat: Chunk             |     1 |     8 |     6 ||    15
